APP
DANVILLE BRAVES @ PHILADELPHIA (APP) PHILLIES
06/06/2044
 
TOP OF THE 1ST
Danville Braves batting - Pitching for Philadelphia (APP) Phillies : LHP Eddie San Miguel
Pitching: LHP Eddie San Miguel
Batting: RHB Zach Hulme 0-0: Foul Ball, location: 2F
0-1: Ball
1-1: Ground out 1-3 (Groundball, 13, EV 66.3 MPH)
Batting: LHB Oke Monti 0-0: SINGLE (Groundball, 4MD, EV 98.8 MPH)
Batting: LHB Alexis Cantu 0-0: Ball
1-0: Ball
2-0: Called Strike
2-1: Foul Ball, location: 2F
2-2: Foul Ball, location: 2F
2-2: Ball
3-2: Fielders Choice at 2nd, 6-4 (Groundball, 6, EV 107.5 MPH)
Batting: RHB Yojiro Hayashi 0-0: Fielders Choice at 2nd, 5-4 (Groundball, 56, EV 88.1 MPH)
Top of the 1st over - 0 runs, 1 hit, 0 errors, 1 left on base; Danville 0 - Philadelphia (APP) 0
BOTTOM OF THE 1ST
Philadelphia (APP) Phillies batting - Pitching for Danville Braves : RHP Iestyn Nicholls
Pitching: RHP Iestyn Nicholls
Batting: LHB Matt Urbanek 0-0: Called Strike
0-1: Ball
1-1: Swinging Strike
1-2: Ball
2-2: DOUBLE (Flyball, 8LD, EV 110.6 MPH)
Batting: RHB Gary Sampson 0-0: 2-RUN HOME RUN (Flyball, 7D, EV 94.4 MPH), Distance : 360 ft
Batting: LHB Alex Fernandez 0-0: Foul Ball, location: 2F
0-1: Called Strike
0-2: Ball
1-2: Strikes out swinging
Batting: RHB Kyle Reilly 0-0: Foul Ball, location: 2F
0-1: Ball
1-1: SINGLE (Groundball, 13S, EV 67.5 MPH) (infield hit)
Batting: RHB Eduardo Calderon 0-0: Ball
1-0: Ball
2-0: Foul Ball, location: 2F
2-1: Ball
3-1: Base on Balls
Kyle Reilly to second
Batting: RHB Carlos Morejon 0-0: Ball
1-0: Ball
2-0: SINGLE (Groundball, 4S, EV 68.1 MPH) (infield hit)
Kyle Reilly to third
Eduardo Calderon to second
Batting: LHB Danny Zuniga 0-0: Ball
1-0: Called Strike
1-1: Ball
2-1: Called Strike
2-2: Ball
3-2: Foul Ball, location: 2F
3-2: Foul Ball, location: 2F
3-2: Foul Ball, location: 2F
3-2: DOUBLE (Line Drive, 9LS, EV 95.6 MPH)
Kyle Reilly scores
Eduardo Calderon scores
Carlos Morejon to third
Batting: LHB Eric Farren 0-0: Called Strike
0-1: Ball
1-1: SINGLE (Groundball, 6MS, EV 78.1 MPH) (infield hit)
Carlos Morejon scores
Danny Zuniga to third
Batting: RHB Vaclav Been 0-0: Swinging Strike
0-1: Swinging Strike
0-2: Strikes out swinging
Batting: LHB Matt Urbanek 0-0: Ball
1-0: Ball
2-0: Ball
3-0: Called Strike
3-1: Base on Balls
Eric Farren to second
Batting: RHB Gary Sampson 0-0: Ball
1-0: Ball
2-0: Ball
3-0: Called Strike
3-1: Foul Ball, location: 2F
3-2: Strikes out swinging
Bottom of the 1st over - 5 runs, 6 hits, 0 errors, 3 left on base; Danville 0 - Philadelphia (APP) 5
TOP OF THE 2ND
Danville Braves batting - Pitching for Philadelphia (APP) Phillies : LHP Eddie San Miguel
Batting: RHB Armando Moz 0-0: Called Strike
0-1: Ball
1-1: Ball
2-1: Swinging Strike
2-2: Ball
3-2: Base on Balls
Batting: SHB Ian Arlotta 0-0: Ball
Wild Pitch!
Armando Moz to second
1-0: Foul Ball, location: 2F
1-1: Called Strike
1-2: Ball
2-2: Foul Ball, location: 2F
2-2: Strikes out looking
Batting: RHB Adonis Jenifer 0-0: Called Strike
0-1: Foul Ball, location: 2F
0-2: Ball
1-2: Ball
Wild Pitch!
Armando Moz to third
2-2: Ball
3-2: Base on Balls
Batting: RHB Ingidayehu Lagat 0-0: Ball
1-0: Called Strike
1-1: Ball
2-1: Foul Ball, location: 2F
2-2: Reached on error, E5 (Groundball, 56S, EV 91.9 MPH)
Armando Moz scores
Adonis Jenifer to second
Batting: RHB Miguel Vazquez 0-0: SINGLE (Groundball, 6S, EV 95.6 MPH)
Adonis Jenifer to third
Ingidayehu Lagat to second
Runner from 3rd tries for Home, SAFE, throw by CF to home
Batting: RHB Zach Hulme 0-0: Called Strike
0-1: Grounds into double play, 6-4-3 (Groundball, 6, EV 80.0 MPH)
Top of the 2nd over - 2 runs, 1 hit, 1 error, 1 left on base; Danville 2 - Philadelphia (APP) 5
BOTTOM OF THE 2ND
Philadelphia (APP) Phillies batting - Pitching for Danville Braves : RHP Iestyn Nicholls
Batting: LHB Alex Fernandez 0-0: Ball
1-0: Foul Ball, location: 2F
1-1: Foul Ball, location: 2F
1-2: Ground out 4-3 (Groundball, 4, EV 85.6 MPH)
Batting: RHB Kyle Reilly 0-0: Ball
1-0: Ball
2-0: Swinging Strike
2-1: Fly out, F8 (Line Drive, 8RD, EV 87.5 MPH)
Batting: RHB Eduardo Calderon 0-0: Called Strike
0-1: Ball
1-1: Ball
2-1: Swinging Strike
2-2: DOUBLE (Line Drive, 8RD, EV 96.3 MPH) - OUT at third base trying to stretch hit.
Bottom of the 2nd over - 0 runs, 1 hit, 0 errors, 0 left on base; Danville 2 - Philadelphia (APP) 5
TOP OF THE 3RD
Danville Braves batting - Pitching for Philadelphia (APP) Phillies : LHP Eddie San Miguel
Batting: LHB Oke Monti 0-0: Called Strike
0-1: Ball
1-1: Foul Ball, location: 2F
1-2: Foul Ball, location: 2F
1-2: Ball
2-2: Foul Ball, location: 2F
2-2: Foul Ball, location: 2F
2-2: Ball
3-2: Ground out 4-3 (Groundball, 4, EV 79.4 MPH)
Batting: LHB Alexis Cantu 0-0: Fly out, F9 (Line Drive, 9, EV 88.1 MPH)
Batting: RHB Yojiro Hayashi 0-0: Ball
1-0: Ball
2-0: Swinging Strike
2-1: Foul Ball, location: 2F
2-2: Foul Ball, location: 2F
2-2: Foul Ball, location: 2F
2-2: Foul Ball, location: 2F
2-2: Ball
3-2: Strikes out swinging
Top of the 3rd over - 0 runs, 0 hits, 0 errors, 0 left on base; Danville 2 - Philadelphia (APP) 5
BOTTOM OF THE 3RD
Philadelphia (APP) Phillies batting - Pitching for Danville Braves : RHP Iestyn Nicholls
Batting: RHB Carlos Morejon 0-0: Called Strike
0-1: Fly out, F7 (Flyball, 78M, EV 78.1 MPH)
Batting: LHB Danny Zuniga 0-0: Called Strike
0-1: Ball
1-1: Called Strike
1-2: Ball
2-2: Foul Ball, location: 2F
2-2: Strikes out looking
Batting: LHB Eric Farren 0-0: Called Strike
0-1: SINGLE (Line Drive, 3D, EV 99.4 MPH)
Pitching: RHP Andy Britton
Batting: RHB Vaclav Been 0-0: Foul Ball, location: 2F
0-1: Ball
1-1: Ball
2-1: Ball
3-1: Base on Balls
Eric Farren to second
Batting: LHB Matt Urbanek 0-0: Ball
1-0: Ground out U3 (Groundball, 34, EV 80.0 MPH)
Bottom of the 3rd over - 0 runs, 1 hit, 0 errors, 2 left on base; Danville 2 - Philadelphia (APP) 5
TOP OF THE 4TH
Danville Braves batting - Pitching for Philadelphia (APP) Phillies : LHP Eddie San Miguel
Batting: RHB Armando Moz 0-0: Ground out 5-3 (Groundball, 15, EV 86.3 MPH)
Batting: SHB Ian Arlotta 0-0: Ball
1-0: Foul Ball, location: 2F
1-1: Foul Ball, location: 2F
1-2: Ball
2-2: Ground out 6-3 (Groundball, P, EV 78.8 MPH)
Batting: RHB Adonis Jenifer 0-0: Ball
1-0: Ground out 4-3 (Groundball, 4, EV 108.1 MPH)
Top of the 4th over - 0 runs, 0 hits, 0 errors, 0 left on base; Danville 2 - Philadelphia (APP) 5
BOTTOM OF THE 4TH
Philadelphia (APP) Phillies batting - Pitching for Danville Braves : RHP Andy Britton
Batting: RHB Gary Sampson 0-0: Ball
1-0: Ball
2-0: Called Strike
2-1: Ball
3-1: Foul Ball, location: 2F
3-2: Base on Balls
Pitching: RHP Jose Santos
Batting: LHB Alex Fernandez 0-0: Ball
1-0: Ball
Gary Sampson is caught stealing 2nd base 2-6
2-0: Fly out, F9 (Line Drive, 9, EV 95.6 MPH)
Batting: RHB Kyle Reilly 0-0: Called Strike
0-1: Called Strike
0-2: Ball
1-2: Ball
2-2: Foul Ball, location: 2F
2-2: Strikes out swinging
Bottom of the 4th over - 0 runs, 0 hits, 0 errors, 0 left on base; Danville 2 - Philadelphia (APP) 5
TOP OF THE 5TH
Danville Braves batting - Pitching for Philadelphia (APP) Phillies : LHP Eddie San Miguel
Batting: RHB Ingidayehu Lagat 0-0: Called Strike
0-1: Ball
1-1: Foul Ball, location: 2F
1-2: Foul Ball, location: 2F
1-2: Strikes out swinging
Batting: RHB Miguel Vazquez 0-0: Ball
1-0: Ball
2-0: Ball
3-0: Called Strike
3-1: Called Strike
3-2: Base on Balls
Pitching: RHP Tony Trevino
Batting: RHB Zach Hulme 0-0: Ball
1-0: Called Strike
1-1: Swinging Strike
1-2: Foul Ball, location: 2F
1-2: Ball
2-2: Strikes out swinging
Batting: LHB Oke Monti 0-0: SINGLE (Line Drive, 89S, EV 86.9 MPH)
Miguel Vazquez to second
Runner from 2nd tries for 3rd, SAFE, throw by RF made to third
Batting: LHB Alexis Cantu 0-0: Ball
1-0: Ball
2-0: Ground out U3 (Groundball, 3, EV 85.6 MPH)
Top of the 5th over - 0 runs, 1 hit, 0 errors, 2 left on base; Danville 2 - Philadelphia (APP) 5
BOTTOM OF THE 5TH
Philadelphia (APP) Phillies batting - Pitching for Danville Braves : RHP Jose Santos
Batting: RHB Eduardo Calderon 0-0: Called Strike
0-1: Foul Ball, location: 2F
0-2: Strikes out looking
Batting: RHB Carlos Morejon 0-0: Ground out 6-3 (Groundball, 6, EV 85.6 MPH)
Batting: LHB Danny Zuniga 0-0: Ball
1-0: Fly out, F8 (Flyball, 78D, EV 98.8 MPH)
Bottom of the 5th over - 0 runs, 0 hits, 0 errors, 0 left on base; Danville 2 - Philadelphia (APP) 5
TOP OF THE 6TH
Danville Braves batting - Pitching for Philadelphia (APP) Phillies : RHP Tony Trevino
Batting: RHB Yojiro Hayashi 0-0: Called Strike
0-1: Called Strike
0-2: Ball
1-2: SINGLE (Groundball, 56S, EV 68.1 MPH) (infield hit)
Batting: RHB Armando Moz 0-0: Ball
1-0: Swinging Strike
1-1: Ball
2-1: Swinging Strike
2-2: Ball
3-2: Foul Ball, location: 2F
3-2: Strikes out swinging
Batting: SHB Ian Arlotta 0-0: Called Strike
0-1: Ball
1-1: Ball
2-1: Swinging Strike
2-2: Foul Ball, location: 2F
2-2: Foul Ball, location: 2F
2-2: Foul Ball, location: 2F
2-2: Hit by Pitch
Yojiro Hayashi to second
Batting: RHB Adonis Jenifer 0-0: Ball
Yojiro Hayashi steals 3rd base
Ian Arlotta to second
1-0: Called Strike
1-1: DOUBLE (Line Drive, 89M, EV 110.6 MPH)
Yojiro Hayashi scores
Ian Arlotta scores
Pitching: LHP Ignacio Amaya
Batting: RHB Ingidayehu Lagat 0-0: Foul Ball, location: 2F
0-1: Ball
1-1: Ground out 5-3 (Groundball, 56S, EV 69.4 MPH)
Adonis Jenifer to third
Batting: RHB Miguel Vazquez 0-0: Ball
1-0: Foul Ball, location: 2F
1-1: Called Strike
1-2: Ball
2-2: SINGLE (Groundball, 6MD, EV 103.8 MPH)
Adonis Jenifer scores
Batting: RHB Zach Hulme 0-0: Ball
1-0: Ball
2-0: Ball
3-0: Base on Balls
Miguel Vazquez to second
Batting: LHB Oke Monti 0-0: Ball
1-0: Ball
2-0: Swinging Strike
2-1: Swinging Strike
2-2: Foul Ball, location: 2F
2-2: Ball
3-2: Base on Balls
Miguel Vazquez to third
Zach Hulme to second
Batting: LHB Alexis Cantu 0-0: Swinging Strike
0-1: Ball
1-1: Ball
2-1: Swinging Strike
2-2: Strikes out swinging
Top of the 6th over - 3 runs, 3 hits, 0 errors, 3 left on base; Danville 5 - Philadelphia (APP) 5
BOTTOM OF THE 6TH
Philadelphia (APP) Phillies batting - Pitching for Danville Braves : RHP Jose Santos
Batting: LHB Eric Farren 0-0: Swinging Strike
0-1: Ground out 4-3 (Groundball, 4, EV 86.9 MPH)
Batting: RHB Vaclav Been 0-0: Foul Ball, location: 2F
0-1: Ground out 1-3 (Groundball, 34S, EV 61.3 MPH)
Batting: LHB Matt Urbanek 0-0: Ground out 4-3 (Groundball, 4, EV 100.6 MPH)
Bottom of the 6th over - 0 runs, 0 hits, 0 errors, 0 left on base; Danville 5 - Philadelphia (APP) 5
TOP OF THE 7TH
Danville Braves batting - Pitching for Philadelphia (APP) Phillies : LHP Ignacio Amaya
Pitching: RHP Georgs Felitti
Batting: RHB Yojiro Hayashi 0-0: Called Strike
0-1: SINGLE (Flyball, 34D, EV 90.0 MPH)
Batting: RHB Armando Moz 0-0: Ball
1-0: Called Strike
Yojiro Hayashi is caught stealing 2nd base 2-4
1-1: Ball
2-1: Swinging Strike
2-2: Strikes out swinging
Batting: SHB Ian Arlotta 0-0: Called Strike
0-1: Ball
1-1: Ball
2-1: Ball
3-1: Base on Balls
Batting: RHB Adonis Jenifer 0-0: Ball
Wild Pitch!
Ian Arlotta to second
1-0: Called Strike
1-1: Foul Ball, location: 2F
1-2: SINGLE (Line Drive, 89S, EV 103.1 MPH)
Ian Arlotta to third
Runner from 3rd tries for Home, SAFE, throw by RF to home
Batting: RHB Ingidayehu Lagat 0-0: Foul Ball, location: 2F
0-1: Ball
1-1: Swinging Strike
1-2: Ball
2-2: Ground out 1-3 (Groundball, 34S, EV 67.5 MPH)
Top of the 7th over - 1 run, 2 hits, 0 errors, 1 left on base; Danville 6 - Philadelphia (APP) 5
BOTTOM OF THE 7TH
Philadelphia (APP) Phillies batting - Pitching for Danville Braves : RHP Jose Santos
Pitching: RHP Jeremy Armstrong
Batting: RHB Gary Sampson 0-0: Called Strike
0-1: Ball
1-1: Ball
2-1: SINGLE (Groundball, 34D, EV 100.6 MPH)
Batting: LHB Alex Fernandez 0-0: Ball
1-0: Called Strike
1-1: Swinging Strike
1-2: Ball
2-2: Strikes out swinging
Batting: RHB Kyle Reilly 0-0: Called Strike
0-1: Ball
1-1: Swinging Strike
1-2: Strikes out swinging
Batting: RHB Eduardo Calderon 0-0: Called Strike
Gary Sampson is caught stealing 2nd base 2-4
Bottom of the 7th over - 0 runs, 1 hit, 0 errors, 0 left on base; Danville 6 - Philadelphia (APP) 5
TOP OF THE 8TH
Danville Braves batting - Pitching for Philadelphia (APP) Phillies : RHP Georgs Felitti
Pitching: RHP Andy Burchfield
Batting: RHB Miguel Vazquez 0-0: Swinging Strike
0-1: Ball
1-1: SINGLE (Line Drive, 7S, EV 112.5 MPH)
Batting: RHB Zach Hulme 0-0: Foul Ball, location: 2F
0-1: Swinging Strike
0-2: Ball
1-2: Foul Ball, location: 2F
1-2: Ball
2-2: Ball
3-2: Base on Balls
Miguel Vazquez to second
Batting: LHB Oke Monti 0-0: Ball
1-0: Ball
2-0: Called Strike
2-1: Ball
3-1: Base on Balls
Miguel Vazquez to third
Zach Hulme to second
Batting: LHB Alexis Cantu 0-0: Called Strike
0-1: Foul Ball, location: 2F
0-2: Strikes out swinging
Batting: RHB Yojiro Hayashi 0-0: Ball
1-0: Foul Ball, location: 2F
1-1: Ball
Wild Pitch!
Miguel Vazquez scores
Zach Hulme to third
Oke Monti to second
2-1: Swinging Strike
2-2: Ball
3-2: Foul Ball, location: 2F
3-2: Foul Ball, location: 2F
3-2: Strikes out swinging
Batting: RHB Armando Moz 0-0: Foul Ball, location: 2F
0-1: Swinging Strike
0-2: Strikes out swinging
Top of the 8th over - 1 run, 1 hit, 0 errors, 2 left on base; Danville 7 - Philadelphia (APP) 5
BOTTOM OF THE 8TH
Philadelphia (APP) Phillies batting - Pitching for Danville Braves : RHP Jeremy Armstrong
Pitching: LHP John Grinter
Batting: RHB Eduardo Calderon 0-0: Called Strike
0-1: Ball
1-1: Ball
2-1: Ball
3-1: Base on Balls
Batting: RHB Carlos Morejon 0-0: Grounds into double play, 5-4-3 (Groundball, 56S, EV 86.3 MPH)
Batting: LHB Danny Zuniga 0-0: Reached on error, E6 (Groundball, 6, EV 84.4 MPH)
Batting: LHB Eric Farren 0-0: Ball
1-0: Ball
2-0: Fielders Choice at 2nd, 6-4 (Groundball, 56, EV 91.9 MPH)
Bottom of the 8th over - 0 runs, 0 hits, 1 error, 1 left on base; Danville 7 - Philadelphia (APP) 5
TOP OF THE 9TH
Danville Braves batting - Pitching for Philadelphia (APP) Phillies : RHP Andy Burchfield
Pitching: RHP David LaBounty
Batting: SHB Ian Arlotta 0-0: Ball
1-0: Foul Ball, location: 2F
1-1: Swinging Strike
1-2: Ball
2-2: Strikes out looking
Batting: RHB Adonis Jenifer 0-0: Ball
1-0: Ball
2-0: Ball
3-0: Called Strike
3-1: Called Strike
3-2: Base on Balls
Batting: RHB Ingidayehu Lagat 0-0: Ball
1-0: Foul Ball, location: 2F
1-1: Called Strike
1-2: Foul Ball, location: 2F
1-2: Strikes out swinging
Batting: RHB Miguel Vazquez 0-0: Ball
Wild Pitch!
Adonis Jenifer to second
1-0: Swinging Strike
1-1: Foul Ball, location: 2F
1-2: Fly out, F7 (Flyball, 7, EV 91.3 MPH)
Top of the 9th over - 0 runs, 0 hits, 0 errors, 1 left on base; Danville 7 - Philadelphia (APP) 5
BOTTOM OF THE 9TH
Philadelphia (APP) Phillies batting - Pitching for Danville Braves : LHP John Grinter
Pitching: RHP Nikita Eliseenko
Batting: RHB Vaclav Been 0-0: SOLO HOME RUN (Flyball, 78XD, EV 104.4 MPH), Distance : 413 ft
Batting: LHB Matt Urbanek 0-0: Ball
1-0: Called Strike
1-1: Foul Ball, location: 2F
1-2: Ground out 4-3 (Groundball, 34, EV 92.5 MPH)
Batting: RHB Gary Sampson 0-0: Ground out U3 (Groundball, 3S, EV 84.4 MPH)
Batting: LHB Alex Fernandez 0-0: Called Strike
0-1: Ball
1-1: SINGLE (Groundball, 34S, EV 86.3 MPH) (infield hit)
Batting: RHB Kyle Reilly 0-0: Called Strike
0-1: Foul Ball, location: 2F
0-2: Ball
1-2: Ball
2-2: Strikes out swinging
Bottom of the 9th over - 1 run, 2 hits, 0 errors, 1 left on base; Danville 7 - Philadelphia (APP) 6
Thursday, March 31st , 2022 - OOTP Baseball 22.12 Build 89